 Dungeon Crawl Stone Soup version 0.28-a0-883-gc8d7bad45d (webtiles) character file.

Game seed: 10452535921226473542

50 croobank the Sneak (level 3, -1/17 HPs)
             Began as a Felid Delver on Nov 21, 2021.
             Slain by a kobold (7 damage)
             ... on level 1 of the Dungeon.
             The game lasted 00:09:07 (1333 turns).

croobank the Sneak (Felid Delver)                   Turns: 1333, Time: 00:09:07

Health: -1/17      AC:  1    Str:  9    XL:     3   Next: 55%
Magic:  4/4        EV: 22    Int: 11    God:
Gold:   65         SH:  0    Dex: 17    Spells: 2/2 levels left
                                        Lives:  0   Deaths: 0

rFire   . . .      SeeInvis +     - Unarmed
rCold   . . .      Faith    .   (shield unavailable)
rNeg    + . .      Spirit   .   (armour unavailable)
rPois   .          Reflect  .   (helmet unavailable)
rElec   .          Harm     .   (cloak unavailable)
rCorr   .          Rampage  .   (gloves unavailable)
Will    .....                   (boots unavailable)
Stlth   ++++......              (no amulet)
HPRegen 0.05/turn               j - ring of positive energy
MPRegen 0.09/turn               k - +4 ring of evasion

@: mighty, flying, hasted, invisible, very quick
A: very small, claws 1, fangs 3, see invisible, speed 1, shaggy fur 1, stealthy
paws, no weapons or thrown items, no armour, multi-lived
a: no special abilities


You were on level 1 of the Dungeon.
You visited 1 branch of the dungeon, and saw 5 of its levels.

You collected 65 gold pieces.

Inventory:

Jewellery
 j - a ring of positive energy (left paw)
 k - a +4 ring of evasion (right paw)
Wands
 e - a wand of digging (3)
Scrolls
 a - a scroll of fog
 b - 2 scrolls of amnesia
 c - a scroll of fear
 f - a scroll of noise
 l - a scroll of silence {unknown}
 o - a scroll of teleportation {unknown}
Potions
 g - a potion of invisibility
 m - a potion of magic {unknown}
 n - a potion of curing {unknown}


   Skills:
 + Level 3.2 Fighting
 + Level 3.1 Dodging
 + Level 7.7 Stealth
 + Level 2.3 Unarmed Combat


You had 2 spell levels left.
You didn't know any spells.
Your spell library was empty.

Dungeon Overview and Level Annotations

Branches:
Dungeon (5/15)
 Temple: D:4-7

Altars:

Annotations:
D:2 Robin, Terence


Innate Abilities, Weirdness & Mutations

You have sharp claws.
You have razor-sharp teeth.
You have supernaturally acute eyesight. (SInv)
You cover ground quickly. (Speed+)
You are covered in fur. (AC +1)
Your paws help you pounce on unaware monsters.
You are incapable of wielding weapons or throwing items.
You cannot wear armour.
You gain extra lives every three experience levels.


Message History

You scratch the rat.
The rat is moderately wounded.
The rat misses you. The rat completely misses you.
You claw the rat!
You kill the rat!
You closely miss the rat. You claw the rat!
You kill the rat!
The bat completely misses you.
You completely miss the bat. The bat completely misses you.
The bat barely misses you.
You scratch the bat.
You kill the bat!
You claw the rat!
You kill the rat!
Items here: )) †††††.
Okay, then.
A bat and a jackal come into view.
Found 18 stones.
The jackal barks!
A jackal comes into view.
The jackal barks!
You hear an angry hiss.
The jackal barely misses you.
A frilled lizard comes into view.
You scratch the jackal.
You kill the jackal!
The kobold barely misses you.
You scratch the kobold.
The kobold is severely wounded.
You barely miss the jackal. The kobold closely misses you.
The jackal completely misses you.
You claw the jackal!
You kill the jackal!
The bat hits you but does no damage.
You closely miss the bat. The bat completely misses you.
You closely miss the kobold. Your bite misses the kobold.
The kobold is severely wounded.
The bat completely misses you.
The kobold hits you with a +2 whip of electrocution!
You die...

#.#########...#.#...#
#. ####..##.##...# ..
#.....#)#†....# #
.####.##..#.##
#(..#...##.#
#)..#..## .#
#?..#...##.#####
####.##......... ..#
#.@b...## #..
#.##Kl#.# ## ..#
....# #.. ##..# ##
..# .# #


You could see a bat, a kobold and a frilled lizard (wandering).

Vanquished Creatures
  2 adders
  A dart slug (D:2)
  4 endoplasms
  3 goblins
  A hobgoblin (D:2)
  5 jackals (D:1)
  A quokka (D:1)
  2 ball pythons (D:1)
  3 bats (D:1)
  A frilled lizard (D:2)
  2 kobolds
  5 rats
30 creatures vanquished.

Vanquished Creatures (others)
  A quokka (D:5)
1 creature vanquished.

Grand Total: 31 creatures vanquished

Notes
Turn   | Place    | Note
-------+----------+-------------------------------------------
     0 | D:5      | croobank the Felid Delver began the quest for the Orb.
     0 | D:5      | Reached XP level 1. HP: 10/10 MP: 2/2
   120 | D:4      | Noticed a phantom
   147 | D:4      | Noticed an iguana
   361 | D:2      | Noticed Robin
   387 | D:2      | Noticed Terence
   440 | D:2      | Reached skill level 7 in Stealth
   440 | D:2      | Reached XP level 2. HP: 8/14 MP: 3/3
   672 | D:1      | Reached XP level 3. HP: 2/17 MP: 4/4
  1068 | D:1      | Found a faded altar of an unknown god.
  1333 | D:1      | Slain by a kobold

Illustrated notes

Levels and vault maps discovered:
D:1:      lightli_arrival_isolated_outpost, layout_basic, serial_corexii_hall,
          chequers_hall_statues_corner_a, corexii_hall_statues_t,
          hellmonk_ecumenical_altar_dog_temple, minmay_vboxes
D:2:      layout_loops_ring, chequers_serial_rivers_large_a, uniq_natasha,
          uniq_robin, uniq_terence, uniq_crazy_yiuf_cottage
D:3:      layout_loops_corners, minitemple, serial_shops, shop_coins,
          nicolae_square_shop, shop, small_statue_intersection,
          minmay_diced_spiral
D:4:      layout_loops_cross, minmay_temple_entry_junction
D:5:      layout_loops_ring, grunt_temple_overflow_order_and_chaos_1,
          mainiacjoe_overflow_alcove_2, gammafunk_temple_overflow_forgotten

Skill      XL: |  1  2 |
---------------+-------+-----
Stealth        | 7 |  7.7
Dodging        | 3 |  3.1
Fighting       | |  3.2
Unarmed Combat | |  2.3

Action                   || total
-------------------------++-------
Melee: Unarmed           ||    83
       Bite              ||     5
  Use: Scroll            ||     5
       Potion            ||     5
 Stab: Sleeping          ||     9
Armor: Skin              ||     7
Dodge: Dodged            ||    78

Table legend: (Time is in decaauts)
 A = Elapsed time spent in this place.
 B = Non-inter-level travel time spent in this place.
 C = Inter-level travel time spent in this place.
 D = Time resting spent in this place.
 E = Time spent auto-exploring this place.
 F = Levels seen in this place.
 G = Mean time per level.
                   A        B        C        D        E       F      G
               +--------+--------+--------+--------+--------+-----+--------+
         Total |   1197 |   1197 |      0 |    592 |    263 |   5 |  239.4 |
       Dungeon |   1197 |   1197 |      0 |    592 |    263 |   5 |  239.4 |
               +--------+--------+--------+--------+--------+-----+--------+

Top non-repeatable levels by time:
     D:1: 624 daAuts
     D:2: 273 daAuts
     D:3: 180 daAuts
     D:5: 69 daAuts
     D:4: 49 daAuts
